[Event "Team 45 45 League T42"]
[Site "Internet Chess Club"]
[Date "2009.08.08"]
[Round "2"]
[White "TerryMalloy"]
[Black "Boromir"]
[Result "1/2-1/2"]
[WhiteElo "2035"]
[BlackElo "1985"]
[Opening "Queen's pawn"]
[ECO "A40"]
[Time "11:05:38"]
[TimeControl "2700+45"]

1. d4 e6 2. g3 d5 3. Bg2 Nf6 4. Nf3 c5 5. O-O Nc6 6. c4 dxc4 7. Na3 cxd4 8. Nxc4
Bc5 9. Bf4 O-O 10. Rc1 Nh5 11. Nce5 Nxf4 12. Nxc6 Qd6 13. gxf4 bxc6 14. Ne5 Bb7
15. Qa4 Rac8 16. Nd7 Qxd7 17. Rxc5 d3 18. e3 Rfd8 19. Rd1 f5 20. Rc3 c5 21. Qxa7
Bxg2 22. Qxd7 Rxd7 23. Kxg2 c4 24. b3 Ra8 25. bxc4 Rxa2 26. Rcxd3 Rxd3 27. Rxd3
Rc2 28. Rd8+ Kf7 29. Rc8 g6 30. c5 Ke7 31. Kg3 h6 32. Rc7+ Kf6 33. c6 g5 34. Rc8
gxf4+ 35. exf4 Rc3+ 36. f3 Ke7 37. c7 Kd6 38. Rh8 Kxc7 39. Rxh6 Kd6 40. Rh7 Rc1
41. h4 Re1 42. h5 Rh1 43. h6 Rh5 44. Kf2 Rh4 45. Ke3 Rh3 46. Rh8 Ke7 47. h7 Kf6
48. Kd4 Kg7 49. Re8 Kxh7 50. Ke5 Rxf3 51. Rxe6 Kg7 52. Kxf5 Kf8 53. Ra6 Rf1 54.
Ra7 Rb1 55. Kg5 Rb5+ 56. f5 Rb6 57. f6 Rb2 {Game drawn by mutual agreement}
1/2-1/2

[Event "Team 45 45 League T42"]
[Site "Internet Chess Club"]
[Date "2009.08.09"]
[Round "2"]
[White "frothyjowels"]
[Black "iasonmessinis"]
[Result "1/2-1/2"]
[WhiteElo "2378"]
[BlackElo "2275"]
[Opening "English opening"]
[ECO "A05"]
[Time "13:03:40"]
[TimeControl "2700+45"]

1. Nf3 Nf6 2. c4 e6 3. Nc3 d5 4. cxd5 exd5 5. d4 c6 6. Bf4 Be7 7. e3 Nbd7 8. h3
O-O 9. Bd3 Re8 10. O-O Nf8 11. Qc2 Ng6 12. Bh2 Bd6 13. a4 a5 14. Rae1 b6 15. Ne2
Bxh2+ 16. Nxh2 Qd6 17. Rc1 Bb7 18. Ng3 Nh4 19. Ng4 Nxg4 20. hxg4 h6 21. Rfe1
Rac8 22. Qb3 c5 23. dxc5 Rxc5 24. Rxc5 Qxc5 25. Bb5 Rc8 26. Rd1 Qc2 27. Qxc2
Rxc2 28. b3 Ng6 29. Nf5 Ne5 30. f3 Kf8 31. Nd4 Rc3 32. Kf2 Ke7 33. Ke2 Bc8 34.
Kd2 Rc5 35. Ne2 Bb7 36. Nf4 Bc8 37. Nh5 Kf8 38. Rc1 Be6 39. Nf4 Rxc1 40. Kxc1
Ke7 41. Kd2 Kd6 42. Kc3 Bd7 43. Bxd7 Nxd7 44. Ne2 Nc5 45. Nd4 Ne6 46. Nxe6 fxe6
47. f4 e5 48. fxe5+ Kxe5 49. Kd3 g6 50. g3 g5 51. Kd2 Ke4 52. Ke2 d4 53. exd4
Kxd4 54. Kd2 Ke4 55. Ke2 {Game drawn by mutual agreement} 1/2-1/2

[Event "Team 45 45 League T42"]
[Site "Internet Chess Club"]
[Date "2009.08.10"]
[Round "2"]
[White "A-Proudian"]
[Black "eurander"]
[Result "1/2-1/2"]
[WhiteElo "1880"]
[BlackElo "2219"]
[Opening "Caro-Kann: exchange variation"]
[ECO "B13"]
[Time "18:03:50"]
[TimeControl "2700+45"]

1. e4 c6 2. d4 d5 3. exd5 cxd5 4. Bd3 Nc6 5. c3 Qc7 6. Be3 Nf6 7. Nd2 e5 8. dxe5
Nxe5 9. Bb5+ Bd7 10. Qe2 Bd6 11. Bxd7+ Qxd7 12. f4 Neg4 13. Bc5+ Kf8 14. Bxd6+
Qxd6 15. O-O-O Re8 16. Qf3 Re3 17. Qf1 Re7 18. Qf3 Qa6 19. h3 Ne3 20. Ne2 Nxd1
21. Kxd1 Qxa2 22. Kc2 Ne4 23. Rd1 Nxd2 24. Rxd2 Qa4+ 25. Kc1 Qe4 26. Qg4 g6 27.
Nd4 f5 28. Qg5 Qe1+ 29. Rd1 Qe3+ 30. Kc2 Kf7 31. Rd2 Qe4+ 32. Kb3 h6 33. Qh4 Qe1
34. Rf2 Kg7 35. g4 Rf8 36. gxf5 Rf6 37. Kc2 Qe4+ 38. Kc1 gxf5 39. Rd2 Qe1+ 40.
Qxe1 Rxe1+ 41. Kc2 Re4 42. Ne2 Rg6 43. Nd4 Kf6 44. Nb5 Rxf4 45. Rxd5 Rg2+ 46.
Kb3 a6 47. Nd6 Rff2 48. Kc4 b5+ 49. Kc5 f4 50. Ne4+ Kg6 51. Rd6+ Kf5 52. Nxf2
Rxf2 53. Rxh6 Re2 54. Rxa6 f3 55. Ra8 Re5+ 56. Kd4 Re4+ 57. Kd3 Re2 58. Rf8+ Kg5
59. b4 Rf2 60. Rb8 Kh4 61. Rxb5 Kxh3 62. Rf5 Kg4 63. Rf8 Rb2 64. Kc4 Re2 65. b5
f2 66. Kd3 Rb2 67. c4 Kg3 68. Kd4 Rb3 69. Rxf2 Kxf2 70. Kd5 Ke3 71. Kc6 Kd4 72.
b6 Kxc4 73. b7 Rxb7 74. Kxb7 {Game drawn because neither player has mating
material} 1/2-1/2

[Event "Team 45 45 League T42"]
[Site "Internet Chess Club"]
[Date "2009.08.05"]
[Round "2"]
[White "CakeMan"]
[Black "Thenazgul"]
[Result "0-1"]
[WhiteElo "2092"]
[BlackElo "2158"]
[Opening "KP: Nimzovich defense"]
[ECO "B00"]
[Time "15:30:12"]
[TimeControl "2700+45"]

1. e4 Nc6 2. Nc3 d6 3. d4 Nf6 4. Be3 Ng4 5. Bg5 h6 6. Bh4 g5 7. Bg3 Bg7 8. h3
Nf6 9. Bb5 a6 10. Bxc6+ bxc6 11. Qd3 Rb8 12. O-O-O Be6 13. Nge2 Qc8 14. f4 d5
15. e5 Nh5 16. Bh2 Bf5 17. Qe3 gxf4 18. Nxf4 Nxf4 19. Bxf4 Qb7 20. b3 e6 21. g4
Bg6 22. h4 h5 23. gxh5 Bxh5 24. Rdg1 Bf8 25. Kb1 c5 26. dxc5 Qb4 27. Nxd5 exd5
28. e6 Qe4 29. exf7+ Bxf7 30. Qc3 d4 31. Qg3 Kd7 32. Bxc7 Rc8 33. Bd6 Qd5 34.
Rf1 Rg8 35. Qf4 Be6 36. Rhg1 Bxd6 37. cxd6 d3 38. Qa4+ Rc6 39. cxd3 Qxd3+ 40.
Kb2 Qc3+ 41. Ka3 Rxg1 42. Rxg1 Qc5+ 43. Qb4 Qxg1 {White resigns} 0-1

[Event "Team 45 45 League T42"]
[Site "Internet Chess Club"]
[Date "2009.08.09"]
[Round "2"]
[White "screamingeagle"]
[Black "gorgon"]
[Result "1-0"]
[WhiteElo "2029"]
[BlackElo "2064"]
[Opening "Sicilian: closed"]
[ECO "B24"]
[Time "16:30:15"]
[TimeControl "2700+45"]

1. e4 c5 2. Nc3 Nc6 3. g3 g6 4. Bg2 Bg7 5. d3 e5 6. Be3 d6 7. Qd2 Nd4 8. Nce2
Bd7 9. c3 Ne6 10. f4 f6 11. Nf3 Ne7 12. Nh4 Nc7 13. fxe5 fxe5 14. O-O Ne6 15. a4
Rf8 16. d4 Rxf1+ 17. Bxf1 Qc7 18. d5 Nf8 19. Bg5 c4 20. Kh1 Nc8 21. Ng1 Nb6 22.
a5 Na4 23. Qc2 b5 24. axb6 axb6 25. b3 cxb3 26. Qxb3 Ra5 27. Rc1 Nc5 28. Qb1 Qa7
29. Nhf3 Ra4 30. Nd2 Ra3 31. Nc4 Rb3 32. Nxd6# {Black checkmated} 1-0

[Event "Team 45 45 League T42"]
[Site "Internet Chess Club"]
[Date "2009.08.09"]
[Round "2"]
[White "keisher415"]
[Black "Uwak"]
[Result "1/2-1/2"]
[WhiteElo "2042"]
[BlackElo "2390"]
[Opening "Sicilian: dragon, Yugoslav attack, Rauser variation"]
[ECO "B76"]
[Time "20:07:03"]
[TimeControl "2700+45"]

1. e4 c5 2. Nf3 d6 3. d4 cxd4 4. Nxd4 Nf6 5. Nc3 g6 6. Be3 Bg7 7. f3 Nc6 8. Qd2
O-O 9. O-O-O Nxd4 10. Bxd4 Be6 11. Kb1 Qc7 12. g4 Rfc8 13. g5 Nh5 14. Bxg7 Nxg7
15. Nb5 Qc5 16. Nd4 Bd7 17. h4 b5 18. Be2 Nh5 {Game drawn by mutual agreement}
1/2-1/2

[Event "Team 45 45 League T42"]
[Site "Internet Chess Club"]
[Date "2009.08.09"]
[Round "2"]
[White "Kolibri"]
[Black "DTK"]
[Result "0-1"]
[WhiteElo "2083"]
[BlackElo "2165"]
[Opening "French: MacCutcheon, Lasker variation"]
[ECO "C12"]
[Time "16:00:11"]
[TimeControl "2700+45"]

1. e4 e6 2. d4 d5 3. Nc3 Nf6 4. Bg5 Bb4 5. e5 h6 6. Bd2 Bxc3 7. bxc3 Ne4 8. Bd3
Nxd2 9. Qxd2 c5 10. Bb5+ Bd7 11. Bxd7+ Nxd7 12. Nf3 Qa5 13. O-O cxd4 14. cxd4
Qxd2 15. Nxd2 Rc8 16. Rfc1 Nb6 17. Rab1 Rc7 18. Rb4 Ke7 19. c4 dxc4 20. Ne4 Rd8
21. Nd6 Rxd6 22. exd6+ Kxd6 23. Rb5 Nd5 24. g3 a6 25. Rb2 b5 26. a3 c3 27. Rbc2
Rc4 28. Rd1 Ra4 29. Kf1 Rxa3 30. Ke2 b4 31. Kd3 a5 {White resigns} 0-1

[Event "Team 45 45 League T42"]
[Site "Internet Chess Club"]
[Date "2009.08.08"]
[Round "2"]
[White "spacecadet"]
[Black "Monsoon-Smith"]
[Result "1/2-1/2"]
[WhiteElo "2126"]
[BlackElo "2115"]
[Opening "Sicilian: Smith-Morra gambit"]
[ECO "B21"]
[Time "15:01:31"]
[TimeControl "2700+45"]

1. e4 c5 2. d4 cxd4 3. c3 dxc3 4. Nxc3 Nc6 5. Nf3 d6 6. Bc4 e6 7. Bf4 Nf6 8. Qe2
e5 9. Ng5 exf4 10. Nxf7 Qa5 11. Nxh8 Ne5 12. Bb5+ Ke7 13. O-O-O g5 14. h4 Bh6
15. hxg5 Bxg5 16. Rxh7+ Nxh7 17. Qh5 Be6 18. Qxh7+ Bf7 19. Nxf7 Nxf7 20. e5 Rc8
21. Qd3 Rxc3+ 22. bxc3 Qxa2 23. exd6+ Kd8 24. f3 Qa1+ 25. Qb1 Qxc3+ 26. Qc2 Qa1+
27. Kd2 Qa5+ 28. Kc1 Qa1+ {Game drawn by mutual agreement} 1/2-1/2

[Event "Team 45 45 League T42"]
[Site "Internet Chess Club"]
[Date "2009.08.10"]
[Round "2"]
[White "fledermaus"]
[Black "nardz"]
[Result "1/2-1/2"]
[WhiteElo "1985"]
[BlackElo "1993"]
[Opening "QGD Slav: 4.e3"]
[ECO "D11"]
[Time "18:03:54"]
[TimeControl "2700+45"]

1. d4 d5 2. c4 c6 3. Nf3 Nf6 4. e3 a6 5. Bd3 b5 6. b3 Bg4 7. Nbd2 Nbd7 8. Bb2 e6
9. O-O Bd6 10. h3 Bh5 11. e4 dxe4 12. Nxe4 Be7 13. Ng3 Bg6 14. Bxg6 hxg6 15. Qe2
O-O 16. Ne5 Nxe5 17. dxe5 Nd7 18. Rad1 Qc7 19. f4 Rfd8 20. Kh1 Nb6 21. Ne4 Rxd1
22. Rxd1 Rd8 23. Rd4 Rxd4 24. Bxd4 c5 25. Bf2 bxc4 26. bxc4 Qc6 27. Qd3 Bf8 28.
Be1 Qa4 29. Qb3 Qxc4 30. Qxc4 Nxc4 31. Bf2 Nb2 32. Bxc5 Nd3 33. Bxf8 Kxf8 34. g3
Ke7 35. Kg2 f6 36. exf6+ gxf6 37. Kf3 Nb4 38. a3 Nc2 39. a4 Nb4 40. Ke3 f5 41.
Ng5 Kd6 42. Nf7+ Kd5 43. Nh8 Nc2+ 44. Kd3 Nb4+ 45. Kc3 a5 46. Nxg6 Ke4 47. Kc4
Nd5 48. Kb5 Kf3 49. Kxa5 Kxg3 50. h4 Nxf4 51. h5 Nxh5 52. Kb5 f4 53. Ne5 Nf6 54.
a5 Nd5 55. Kc5 f3 56. Nxf3 Kxf3 57. Kd6 Nb4 58. Kxe6 Ke4 59. Kd6 Kd4 60. Kc7
{Game drawn by mutual agreement} 1/2-1/2

[Event "Team 45 45 League T42"]
[Site "Internet Chess Club"]
[Date "2009.08.08"]
[Round "2"]
[White "menorca"]
[Black "NFork"]
[Result "0-1"]
[WhiteElo "2092"]
[BlackElo "2265"]
[Opening "Queen's pawn game, Krause variation"]
[ECO "D02"]
[Time "13:00:32"]
[TimeControl "2700+45"]

1. Nf3 d5 2. d4 c5 3. c4 dxc4 4. d5 Nf6 5. Nc3 Bf5 6. Qa4+ Nbd7 7. Bg5 a6 8.
Bxf6 b5 9. Bxe7 Bxe7 10. Qd1 Bf6 11. g4 Bxg4 12. e3 Bxc3+ 13. bxc3 Qf6 14. Be2
Qxc3+ 15. Nd2 Bxe2 16. Kxe2 Qd3+ 17. Ke1 Qxd5 18. Rg1 Ne5 19. Rxg7 O-O-O 20. e4
Qd4 21. Rg2 c3 22. Nb3 Qxe4+ 23. Qe2 Qxg2 24. Nxc5 Nf3+ 25. Qxf3 Qxf3 {White
resigns} 0-1

[Event "Team 45 45 League T42"]
[Site "Internet Chess Club"]
[Date "2009.08.09"]
[Round "2"]
[White "izit"]
[Black "xakelari"]
[Result "1/2-1/2"]
[WhiteElo "2156"]
[BlackElo "2040"]
[Opening "Evans gambit"]
[ECO "C52"]
[Time "12:02:21"]
[TimeControl "2700+45"]

1. e4 e5 2. Nf3 Nc6 3. Bc4 Bc5 4. b4 Bxb4 5. c3 Ba5 6. Qb3 Qe7 7. d4 Nxd4 8.
Nxd4 exd4 9. O-O Bb6 10. e5 Nh6 11. Ba3 Bc5 12. cxd4 Bxa3 13. Nxa3 c6 14. Bd3 d5
15. exd6 Qxd6 16. Rfe1+ Be6 17. Bc4 O-O-O 18. Rab1 b6 19. Bxe6+ fxe6 20. Rxe6
Qxd4 21. Rxc6+ Kb7 22. Rc7+ Kb8 23. Nb5 Qd3 24. Rxa7 Qxb3 25. axb3 Rd5 26. Rba1
Rhd8 27. Ra8+ Kb7 28. Rxd8 Rxd8 29. f3 Rd3 30. Kf2 Rxb3 31. Nd4 Rb2+ 32. Kf1 b5
33. Re1 Kb6 34. Re7 Kc5 35. Nxb5 Rxb5 36. Rxg7 Nf5 37. Rxh7 Kd4 38. g4 Ke3 39.
gxf5 Rxf5 40. Kg2 Rg5+ 41. Kh3 Kxf3 42. Rf7+ Ke4 43. Kh4 Rg8 44. h3 Ke5 45. Kh5
Ke6 46. Rf3 Ke7 47. h4 Rf8 {Game drawn by mutual agreement} 1/2-1/2

[Event "Team 45 45 League T42"]
[Site "Internet Chess Club"]
[Date "2009.08.07"]
[Round "2"]
[White "alegro"]
[Black "kingcapture"]
[Result "0-1"]
[WhiteElo "1938"]
[BlackElo "2307"]
[Opening "Sicilian: dragon, Yugoslav attack, Rauser variation"]
[ECO "B76"]
[Time "18:00:14"]
[TimeControl "2700+45"]

1. e4 c5 2. Nf3 d6 3. d4 cxd4 4. Nxd4 Nf6 5. Nc3 g6 6. Be3 Bg7 7. f3 O-O 8. Qd2
Nc6 9. O-O-O d5 10. Nxc6 bxc6 11. exd5 cxd5 12. Nxd5 Nxd5 13. Qxd5 Qc7 14. Qc5
Qb7 15. Qa3 Bf5 16. Bd3 Rab8 17. b3 Qc6 18. Bxf5 Qc3 19. Bd3 Rbc8 20. Qa4 Rfd8
21. b4 Rxd3 22. Rxd3 Qa1+ 23. Kd2 Qxh1 24. Qxa7 Qxg2+ 25. Bf2 Bh6+ 26. Kd1 e5
27. Qb7 Re8 28. Qc6 Re6 29. Qc5 Bg5 30. Ra3 Re8 31. Rd3 e4 32. fxe4 Qxe4 33.
Qxg5 Qe2+ 34. Kc1 Qxf2 35. Qd2 Qf6 36. Rd4 Re4 37. Rd8+ Kg7 38. Kb1 Rf4 39. Re8
Rd4 40. Qe1 Qd6 41. Qc3 Qxb4+ 42. Qxb4 Rxb4+ 43. Kc1 Rh4 44. Re2 f5 45. Kb2 g5
46. Kb3 f4 47. Rf2 Kf6 48. c4 Ke5 49. Kb4 Kd6 50. Kb5 Kc7 51. c5 Rh3 52. a4 Rb3+
53. Kc4 Rb1 54. Re2 f3 55. Re7+ Kc6 56. Re6+ Kc7 57. Re7+ Kc6 58. Re6+ Kb7 59.
Re7+ Ka6 60. Rf7 g4 61. c6 h5 62. Kc5 h4 63. Rf8 Rc1+ 64. Kd6 g3 65. hxg3 hxg3
66. Kc7 Ka7 67. Rf5 Rxc6+ 68. Kxc6 f2 69. Ra5+ Kb8 70. Rb5+ Kc8 71. Rg5 Kd8 72.
Kd6 Ke8 {White resigns} 0-1

[Event "Team 45 45 League T42"]
[Site "Internet Chess Club"]
[Date "2009.08.06"]
[Round "2"]
[White "gyoung"]
[Black "SlimeDog2"]
[Result "1-0"]
[WhiteElo "2328"]
[BlackElo "2220"]
[Opening "Petrov three knights game"]
[ECO "C42"]
[Time "23:01:42"]
[TimeControl "2700+45"]

1. e4 e5 2. Nf3 Nf6 3. Nc3 Bb4 4. Nxe5 O-O 5. Be2 Re8 6. Nd3 Bxc3 7. dxc3 Nxe4
8. c4 Nc6 9. Nf4 d6 10. O-O Ne5 11. Be3 Bf5 12. Re1 Qd7 13. Nd5 c6 14. Nf4 Qc7
15. c3 Rad8 16. Qb3 Nc5 17. Qa3 b6 18. Rad1 Ng4 19. Bc1 Ne5 20. Be3 Ng4 21. Bd4
d5 22. g3 dxc4 23. Bxc5 bxc5 24. Qxc5 Ne5 25. Nd5 Rxd5 26. Rxd5 Nd3 27. Qxc4
Nxb2 28. Qc5 Nd3 29. Bxd3 Rxe1+ 30. Kg2 Be6 31. Rd6 Qc8 32. h4 Bxa2 33. Qa5 Bd5+
34. f3 Re8 35. c4 Be6 36. Qxa7 Rd8 37. c5 Bd5 38. Ba6 Qb8 39. Qxb8 Rxb8 40. Bb7
g5 41. Rxd5 cxd5 42. c6 gxh4 43. gxh4 Kg7 44. c7 Rxb7 45. c8=Q Rb6 46. Qc3+ Kg6
47. Qd3+ {Black resigns} 1-0

[Event "Team 45 45 League T42"]
[Site "Internet Chess Club"]
[Date "2009.08.09"]
[Round "2"]
[White "GaShMa"]
[Black "Zkid"]
[Result "1/2-1/2"]
[WhiteElo "2236"]
[BlackElo "2260"]
[Opening "Sicilian: Nimzovich-Rossolimo attack (with ...g6, without ...d6)"]
[ECO "B31"]
[Time "14:00:56"]
[TimeControl "2700+45"]

1. e4 c5 2. Nf3 Nc6 3. Bb5 g6 4. Bxc6 dxc6 5. d3 Bg7 6. h3 Nf6 7. Nc3 Nd7 8. Be3
e5 9. Nd2 Nf8 10. Bxc5 Ne6 11. Be3 b5 12. O-O a5 13. a4 b4 14. Ne2 O-O 15. Rb1
c5 16. Kh1 Bb7 17. f4 f5 18. fxe5 Bxe5 19. Nf4 Bxf4 20. Bxf4 fxe4 21. Be3 exd3
22. Rxf8+ Qxf8 23. cxd3 Qf5 24. Nf3 Rd8 25. Qe2 Bxf3 26. Qxf3 Qxf3 27. gxf3 Rxd3
28. Re1 Kf7 29. Kg2 Kf6 30. Kf2 h5 31. Rc1 Rb3 32. Rc2 Nd4 33. Rxc5 Rxb2+ 34.
Kf1 Nb3 35. Bg5+ Ke6 36. Rc6+ Kf5 37. h4 Nd2+ 38. Ke2 Ne4+ 39. Ke3 Rb3+ 40. Kd4
Rxf3 41. Ra6 Ng3 42. Rf6+ Kg4 43. Rxg6 Kh3 44. Ra6 b3 45. Rxa5 b2 46. Rb5 Ne2+
47. Kc4 Rc3+ 48. Kd5 Rd3+ 49. Ke4 Nc3+ 50. Kxd3 Nxb5 51. Kc2 Nc3 52. Kxb2 Nxa4+
53. Kc2 Nc5 54. Kd2 Kg4 55. Ke3 {Game drawn by mutual agreement} 1/2-1/2

[Event "Team 45 45 League T42"]
[Site "Internet Chess Club"]
[Date "2009.08.08"]
[Round "2"]
[White "trucazzo"]
[Black "chiiwen"]
[Result "0-1"]
[WhiteElo "2064"]
[BlackElo "2102"]
[Opening "Dutch"]
[ECO "A80"]
[Time "10:33:56"]
[TimeControl "2700+45"]

1. d4 f5 2. Nc3 d5 3. Bg5 Nf6 4. Bxf6 exf6 5. e3 Be6 6. Bd3 Qd7 7. Nge2 Nc6 8.
a3 a6 9. Nf4 Bf7 10. Qf3 Ne7 11. O-O-O O-O-O 12. h4 h5 13. Nfe2 g5 14. g3 Kb8
15. Kb1 Bg6 16. Nc1 Nc6 17. Nb3 Be7 18. Ka1 Rhf8 19. Rc1 Na7 20. Rhd1 Nc8 21.
Na2 Nb6 22. Qe2 Bf7 23. Kb1 Bd6 24. Nb4 f4 25. hxg5 fxg5 26. gxf4 gxf4 27. Nc5
Bxc5 28. dxc5 Na4 29. c6 bxc6 30. Bf5 Qd6 31. Qxa6 Nb6 32. e4 c5 33. e5 Qh6 34.
e6 cxb4 35. axb4 Bxe6 36. Bd3 Bc8 37. Qa5 Qc6 38. b3 d4 {White resigns} 0-1

[Event "Team 45 45 League T42"]
[Site "Internet Chess Club"]
[Date "2009.08.07"]
[Round "2"]
[White "stingham"]
[Black "RingLord"]
[Result "0-1"]
[WhiteElo "1643"]
[BlackElo "1698"]
[Opening "Sicilian: closed"]
[ECO "B23"]
[Time "16:01:54"]
[TimeControl "2700+45"]

1. e4 c5 2. Nc3 e6 3. f4 d5 4. Bb5+ Bd7 5. Bxd7+ Qxd7 6. Nf3 Nc6 7. O-O dxe4 8.
Ng5 Qd4+ 9. Kh1 Nf6 10. Qe2 Be7 11. Nb5 Qd7 12. Nxe4 a6 13. Nbc3 Nd4 14. Qd1 b5
15. Nxf6+ Bxf6 16. Ne4 Be7 17. c3 Nf5 18. Qf3 O-O 19. d3 Rac8 20. Ng3 Nh4 21.
Qe2 Rfd8 22. Rd1 Qc6 23. Be3 Rd7 24. Rd2 Rcd8 25. Rad1 Rd5 26. d4 c4 27. Rf1 Bf6
28. Qg4 Be7 29. Rdf2 Nf5 30. Nxf5 exf5 31. Qd1 R8d6 32. Re2 Re6 33. Rfe1 Bf8 34.
Bf2 Rg6 35. Kg1 Rdd6 36. Bg3 Rde6 37. Re5 Rxe5 38. Rxe5 Qd7 39. Qf3 Rd6 40. Qa8
Re6 41. d5 Re7 42. Bf2 f6 43. Bc5 fxe5 44. fxe5 Re8 45. e6 Bxc5+ 46. Kf1 Rxa8
47. exd7 Rd8 {White resigns} 0-1

[Event "Team 45 45 League T42"]
[Site "Internet Chess Club"]
[Date "2009.08.09"]
[Round "2"]
[White "Bookkeeper"]
[Black "Krumpy"]
[Result "1-0"]
[WhiteElo "1669"]
[BlackElo "1537"]
[Opening "Ruy Lopez: classical (Cordel) defense"]
[ECO "C64"]
[Time "14:00:26"]
[TimeControl "2700+45"]

1. e4 e5 2. Nf3 Nc6 3. Bb5 Bc5 4. O-O d6 5. d4 exd4 6. Nxd4 Ne7 7. Be3 O-O 8.
Nxc6 bxc6 9. Bxc5 cxb5 10. Be3 Bb7 11. f3 d5 12. e5 a6 13. Nd2 d4 14. Bf4 Ng6
15. Bg3 c5 16. Nb3 Qe7 17. Re1 Rac8 18. a4 b4 19. Na5 Bd5 20. Qd3 h5 21. Nc4 h4
22. Nb6 hxg3 23. Nxd5 Qh4 24. h3 Rfd8 25. Nb6 Rb8 26. Nc4 Re8 27. Re4 Nf4 28.
Qd2 g5 29. Rae1 Re7 30. Nd6 Re6 31. Nf5 Qh7 32. Nxg3 f5 33. exf6 Qh4 34. Qf2
Rxf6 35. Re8+ Rxe8 36. Rxe8+ Kf7 37. Rc8 Nd5 38. Rxc5 Ne3 39. Ne4 Rb6 40. Qxh4
gxh4 41. b3 Ke6 42. Nf2 Kd6 43. Nd3 Rb7 44. Ra5 Nxc2 45. Rxa6+ Kd5 46. Rh6 Rg7
47. Rxh4 Kc6 48. g4 Re7 49. Rh6+ Kc7 50. Nf4 Kb7 51. Kf2 Rd7 52. Nd3 Ka7 53. g5
Ne3 54. g6 Nf5 55. Rh7 Rb7 56. Nxb4 Ka8 57. Rh8+ Ka7 58. Rh7 Ka8 59. Rxb7 Kxb7
60. Nd3 Kb6 61. f4 Ka5 62. Kf3 Ka6 63. Kg4 Ng7 64. h4 Kb6 65. h5 Ne6 66. f5 Nc5
67. Nxc5 Kxc5 68. g7 d3 69. g8=Q d2 {Black resigns} 1-0

[Event "Team 45 45 League T42"]
[Site "Internet Chess Club"]
[Date "2009.08.06"]
[Round "2"]
[White "PostMike"]
[Black "dougmo"]
[Result "1-0"]
[WhiteElo "1589"]
[BlackElo "1503"]
[Opening "French: Tarrasch, closed variation, main line"]
[ECO "C06"]
[Time "14:30:19"]
[TimeControl "2700+45"]

1. e4 e6 2. d4 d5 3. Nd2 Nf6 4. e5 Nfd7 5. Bd3 c5 6. c3 Nc6 7. Ne2 cxd4 8. cxd4
f6 9. exf6 Nxf6 10. O-O Bd6 11. Nf3 O-O 12. Bf4 Be7 13. Rc1 Nh5 14. Be5 Nxe5 15.
Nxe5 Bd6 16. Nc3 Nf4 17. Bb1 Qg5 18. Qg4 Qxg4 19. Nxg4 Bb4 20. Rfe1 Bd7 21. g3
Nh5 22. Ne5 Be8 23. Nd3 Bxc3 24. Rxc3 Bf7 25. Nc5 b6 26. Nxe6 Bxe6 27. Rxe6 Nf6
28. Rc7 Rac8 29. Rec6 Rce8 30. Kf1 Ne4 31. Bxe4 dxe4 32. Ke2 Rd8 33. Rxa7 Rxd4
34. Rcc7 {Black resigns} 1-0

[Event "Team 45 45 League T42"]
[Site "Internet Chess Club"]
[Date "2009.08.09"]
[Round "2"]
[White "DannyZil"]
[Black "chesskix"]
[Result "1-0"]
[WhiteElo "1565"]
[BlackElo "1425"]
[Opening "Caro-Kann: Tartakower (Nimzovich) variation"]
[ECO "B15"]
[Time "20:00:05"]
[TimeControl "2700+45"]

1. e4 c6 2. d4 d5 3. Nc3 dxe4 4. Nxe4 Nf6 5. Nxf6+ exf6 6. Nf3 Be7 7. Bd3 Bg4 8.
c3 O-O 9. O-O Nd7 10. Re1 Nb6 11. Bf4 Nd5 12. Bg3 Bd6 13. Bxd6 Qxd6 14. Be2 Nf4
15. Bf1 Rae8 16. Rxe8 Rxe8 17. h3 Bh5 18. g3 Ne6 19. Bg2 Ng5 20. g4 Bg6 21. Nxg5
fxg5 22. Qd2 h6 23. Re1 Rxe1+ 24. Qxe1 Qe6 25. Qxe6 fxe6 26. f3 Kf7 27. Kf2 Kf6
28. Ke3 a5 29. f4 Be8 30. fxg5+ hxg5 31. Ke4 b5 32. b3 Bd7 33. c4 Bc8 34. Bf1 b4
35. d5 cxd5+ 36. cxd5 Bb7 37. Bc4 exd5+ 38. Bxd5 Bxd5+ 39. Kxd5 g6 40. Kc5 Ke5
41. Kb5 Kf4 42. Kxa5 Kg3 43. Kxb4 Kxh3 44. a4 Kxg4 45. a5 Kh4 46. a6 g4 47. a7
g3 48. a8=Q Kh3 49. Qh1+ Kg4 50. Qg2 g5 51. Kc3 Kf4 52. Kd3 g4 53. Ke2 {Black
resigns} 1-0

[Event "Team 45 45 League T42"]
[Site "Internet Chess Club"]
[Date "2009.08.09"]
[Round "2"]
[White "Giacometti"]
[Black "zachi"]
[Result "1-0"]
[WhiteElo "1783"]
[BlackElo "1935"]
[Opening "Bird: From gambit"]
[ECO "A02"]
[Time "20:00:39"]
[TimeControl "2700+45"]

1. f4 e5 2. fxe5 d6 3. exd6 Bxd6 4. Nf3 Nf6 5. d4 Ng4 6. Qd3 O-O 7. e4 Re8 8. e5
Bf8 9. h3 Nh6 10. Bxh6 gxh6 11. Nbd2 Nc6 12. c3 Be6 13. Ne4 Bg7 14. Nfd2 Ne7 15.
O-O-O Qd5 16. Qg3 Kh8 17. Bc4 Qc6 18. Bxe6 Qxe6 19. Kb1 Rg8 20. Qf3 b6 21. Rdf1
Raf8 22. g4 Nd5 23. Nf6 Bxf6 24. exf6 Re8 25. Re1 Qxe1+ 26. Rxe1 Rxe1+ 27. Kc2
c6 28. Nc4 Re6 29. Ne5 Rf8 30. Nxc6 Rxc6 31. Qxd5 Rxf6 32. Qe5 Kg7 33. h4 Kg6
34. g5 hxg5 35. Qxg5# {Black checkmated} 1-0

[Event "Team 45 45 League T42"]
[Site "Internet Chess Club"]
[Date "2009.08.08"]
[Round "2"]
[White "Esslinger"]
[Black "mongmong"]
[Result "1-0"]
[WhiteElo "1393"]
[BlackElo "1578"]
[Opening "Nimzo-Indian: Leningrad variation"]
[ECO "E30"]
[Time "18:02:28"]
[TimeControl "2700+45"]

1. d4 e6 2. c4 Nf6 3. Nc3 Bb4 4. Bg5 h6 5. Bd2 b6 6. Nf3 Bb7 7. e3 d6 8. a3 Bxc3
9. Bxc3 Nbd7 10. Bd3 O-O 11. O-O c5 12. Qc2 Qe7 13. e4 e5 14. d5 Nh7 15. b4 Ng5
16. Nxg5 Qxg5 17. Bd2 Qg6 18. b5 a6 19. a4 axb5 20. axb5 f6 21. Qb2 Rfb8 22. Ra2
Rxa2 23. Qxa2 Ra8 24. Qb2 Qe8 25. Ra1 Qb8 26. Ra2 Rxa2 27. Qxa2 Qa8 28. Qxa8+
Bxa8 29. f4 Kf7 30. f5 Nf8 31. Be2 Kg8 32. Bh5 Bb7 33. Be8 Bc8 34. Bc6 Kh7 35.
Kf2 g6 36. g4 gxf5 37. gxf5 Kg7 38. Kg3 Nh7 39. h4 Nf8 40. Kg4 Bd7 41. Kh5 Bc8
42. Bxh6+ Kf7 43. Bxf8 Kxf8 44. Kg6 Ke7 45. h5 Bxf5+ 46. Kxf5 Kf7 {Black
resigns} 1-0

[Event "Team 45 45 League T42"]
[Site "Internet Chess Club"]
[Date "2009.08.08"]
[Round "2"]
[White "Dr-Checkmate"]
[Black "Kingangyal"]
[Result "1-0"]
[WhiteElo "1557"]
[BlackElo "1420"]
[Opening "Pirc defense"]
[ECO "B07"]
[Time "15:04:34"]
[TimeControl "2700+45"]

1. d4 d6 2. Nc3 Nf6 3. e4 g6 4. f3 Bg7 5. Bg5 h6 6. Bh4 c6 7. b4 O-O 8. Bc4 b5
9. Bb3 Nbd7 10. Qd2 Nb6 11. Nge2 e6 12. O-O-O Qc7 13. g4 Nfd7 14. Bg3 a5 15. a4
bxa4 16. Nxa4 Nxa4 17. Bxa4 Nb6 18. Bb3 a4 19. Ba2 e5 20. Qc3 Qb7 21. dxe5 d5
22. exd5 Nxd5 23. Qc5 Qxb4 24. Rxd5 Qxc5 25. Rxc5 Be6 26. Nc3 Rfb8 27. Rxc6 Rc8
28. Rxc8+ Rxc8 29. Bxe6 Rxc3 30. Bd5 Ra3 31. Kb2 Re3 32. Bf4 a3+ 33. Ka2 Rc3 34.
Bb3 Bf8 35. Rf1 Bc5 36. Bc1 Bd4 37. f4 Rf3 38. Rxf3 {Black resigns} 1-0